AoeStats
← FallingELO

Arabia

510184912Analyzed
1v1 RM · 2d ago on Sep 29, 2026· 52m 59s· 2 players
Game mode
Random Map
Map size
Tiny (2 player)
Population
200
Speed
Normal
Resources
Standard
Victory
Conquest
Starting age
Dark Age
Ending age
Imperial Age
RankedLock teamsTeams togetherTeam positionsShared explorationLock speedFull tech treeHidden civsTurbo modeCheats
Victory
Defeat
🇺🇸 Varangians · United States
895
+15
🇨🇴 Franks · Colombia
882
-15
alejandrosandoval013102
4:35 Loom
11:26 Feudal Age
21:37 Castle Age
20:16 Gold Mining
24:27 Gold Shaft Mining
26:09 Pikeman
41:51 Imperial Age
41:18 Husbandry
41:26 Scale Barding Armor
41:32 Forging
41:27 Stone Mining
43:38 Cavalier
44:31 Double-Bit Axe
45:14 Herbal Medicine
50:45 Chain Barding Armor
51:00 Iron Casting
FallingELO
6:54 Loom
10:55 Feudal Age
11:42 Double-Bit Axe
18:22 Castle Age
19:03 Scale Barding Armor
19:11 Husbandry
21:47 Forging
27:34 Iron Casting
28:51 Chain Barding Armor
29:56 Bloodlines
30:12 Pikeman
30:52 Squires
33:06 Scale Mail Armor
34:13 Horse Collar
36:05 Town Watch
37:42 Bow Saw
38:39 Chain Mail Armor
43:06 Imperial Age
40:26 Arson
41:11 Fletching
44:27 Conscription
45:19 Cavalier
46:10 Gambesons
47:54 Plate Barding Armor
47:15 Bodkin Arrow
49:05 Herbal Medicine
50:52 Blast Furnace
50:22 Plate Mail Armor
49:52 Murder Holes
50:49 Plate Mail Armor
50:59 Wheelbarrow
50:24 Town Patrol
51:31 Halberdier
Connection lost

Rejoining the realm…

Still unreachable

The connection could not be restored.

Session expired

The server has moved on; the page needs a fresh start.